[Event "Cracovia Chess Festival A 2021"]
[Site "Cracow"]
[Date "2022.01.03"]
[Round "8.25"]
[White "Krawczyk, Flawian"]
[Black "Dev, Shah"]
[Result "0-1"]
[ECO "C77"]
[WhiteElo "2114"]
[BlackElo "2243"]
[Annotator "ChessBase"]
[PlyCount "90"]
[EventDate "2021.12.27"]
[EventCountry "POL"]
[SourceTitle "playchess.com"]
[Source "ChessBase"]
[SourceQuality "1"]
[TimeControl "40/5400+30:1800+30"]

1. e4 e5 2. Nf3 Nc6 3. Bb5 a6 4. Ba4 Nf6 5. d3 b5 6. Bb3 Bc5 7. Nc3 d6 8. Nd5 h6 9. c3 Be6 10. O-O Bxd5 11. exd5 Ne7 12. d4 exd4 13. Nxd4 Qd7 14. Re1 O-O 15. Qf3 Bxd4 16. cxd4 Nf5 17. Qd3 Rae8 18. Bd2 Re7 19. Bc2 g6 20. Rxe7 Qxe7 21. Re1 Qd7 22. Qf3 Kg7 23. Be3 Re8 24. Qh3 h5 25. g3 Ng4 26. Bxf5 Qxf5 27. Qg2 Kg8 28. Rc1 Nxe3 29. fxe3 Rxe3 30. Rf1 Qe4 31. Qf2 f5 32. Qf4 Qxf4 33. gxf4 Re4 34. Rc1 Rxf4 35. Rxc7 Rxd4 36. Kf2 g5 37. Ke3 Rxd5 38. h4 f4+ 39. Kf3 Rd3+ 40. Ke4 Re3+ 41. Kf5 gxh4 42. Kf6 Rg3 43. Rc8+ Kh7 44. Rc7+ Kh8 45. Rc8+ Rg8 0-1

[Event "Cracovia Chess Festival A 2021"]
[Site "Cracow"]
[Date "2022.01.03"]
[Round "8.26"]
[White "Salna, Aleksandras"]
[Black "Barath Kalyan M"]
[Result "0-1"]
[ECO "E16"]
[WhiteElo "2227"]
[BlackElo "2103"]
[Annotator "ChessBase"]
[PlyCount "130"]
[EventDate "2021.12.27"]
[EventCountry "POL"]
[SourceTitle "playchess.com"]
[Source "ChessBase"]
[SourceQuality "1"]
[TimeControl "40/5400+30:1800+30"]

1. d4 Nf6 2. c4 e6 3. Nf3 Bb4+ 4. Bd2 Qe7 5. Nc3 O-O 6. g3 d6 7. Bg2 Bxc3 8. Bxc3 Ne4 9. Rc1 Nxc3 10. Rxc3 a5 11. O-O Nd7 12. Qc2 e5 13. c5 e4 14. Nd2 d5 15. c6 bxc6 16. Rxc6 e3 17. Nf3 Ba6 18. Bh3 Nf6 19. Rxc7 exf2+ 20. Rxf2 Qe3 21. Qd2 Qxf2+ 22. Kxf2 Ne4+ 23. Ke1 Nxd2 24. Kxd2 Rfe8 25. e3 Rab8 26. b3 a4 27. Rc3 axb3 28. axb3 f6 29. Ne1 Bc8 30. Bg2 Be6 31. Nd3 Bf7 32. b4 Re7 33. Rb3 Ra7 34. Rb2 Kf8 35. Nc5 Ke7 36. Bf1 Kd6 37. Ba6 Rb6 38. b5 Be8 39. Kc3 Re7 40. Kb4 Rxe3 41. Nb7+ Kc7 42. Rc2+ Kb8 43. Nd8 Bd7 44. Ka5 Rd6 45. Nb7 Ra3+ 46. Kb4 Rdxa6 47. bxa6 Ra4+ 48. Kb3 Rxd4 49. Nc5 Bc8 50. Re2 Rc4 51. Na4 Bxa6 52. Re8+ Rc8 53. Re6 Bb7 54. Kb4 Rd8 55. Kc3 d4+ 56. Kd3 Bc8 57. Rb6+ Kc7 58. Rb4 Bf5+ 59. Kd2 d3 60. g4 Bg6 61. Nc5 Re8 62. h4 Re2+ 63. Kd1 Kc6 64. Nb3 Rg2 65. Nc1 Rxg4 0-1

[Event "Cracovia Chess Festival A 2021"]
[Site "Cracow"]
[Date "2022.01.03"]
[Round "8.27"]
[White "Redzisz, Michal"]
[Black "Luberanski, Jakub"]
[Result "1/2-1/2"]
[ECO "E46"]
[WhiteElo "2261"]
[BlackElo "2166"]
[Annotator "ChessBase"]
[PlyCount "91"]
[EventDate "2021.12.27"]
[EventCountry "POL"]
[SourceTitle "playchess.com"]
[Source "ChessBase"]
[SourceQuality "1"]
[TimeControl "40/5400+30:1800+30"]

1. d4 Nf6 2. c4 e6 3. Nc3 Bb4 4. e3 O-O 5. Nge2 d5 6. a3 Be7 7. cxd5 exd5 8. Nf4 c6 9. Bd3 Re8 10. O-O Nbd7 11. f3 Nf8 12. Bc2 Ne6 13. e4 dxe4 14. Nxe6 Bxe6 15. fxe4 c5 16. d5 Bg4 17. Qd3 Bd6 18. Bf4 Bh5 19. Qg3 Bxf4 20. Qxf4 Qe7 21. Ba4 Red8 22. h3 a6 23. Bc2 Re8 24. a4 Bg6 25. Rfe1 Qe5 26. Qf2 Nd7 27. a5 b5 28. axb6 Nxb6 29. Qxc5 Rab8 30. Bd3 Rec8 31. Qf2 Nc4 32. Bxc4 Rxc4 33. Rxa6 Rcb4 34. d6 h6 35. d7 Rd4 36. Ra5 Qd6 37. Nb5 Rxb5 38. Rxb5 Qxd7 39. Rb8+ Kh7 40. Rb7 Qd8 41. Rb3 Bxe4 42. Rbe3 f5 43. R3e2 Qd6 44. Qe3 Rd3 45. Qa7 Qg6 46. Kf1 1/2-1/2

[Event "Cracovia Chess Festival A 2021"]
[Site "Cracow"]
[Date "2022.01.03"]
[Round "8.28"]
[White "Kopylov, Michael"]
[Black "Luba, Lukasz"]
[Result "1-0"]
[ECO "A53"]
[WhiteElo "2391"]
[BlackElo "2135"]
[Annotator "ChessBase"]
[PlyCount "61"]
[EventDate "2021.12.27"]
[EventCountry "POL"]
[SourceTitle "playchess.com"]
[Source "ChessBase"]
[SourceQuality "1"]
[TimeControl "40/5400+30:1800+30"]

1. d4 Nf6 2. c4 d6 3. Nf3 h6 4. Nc3 Nc6 5. g3 Bf5 6. d5 Nb8 7. Bg2 Qc8 8. O-O Bh3 9. e4 Bxg2 10. Kxg2 Nbd7 11. Re1 Ne5 12. Nxe5 dxe5 13. f4 Nd7 14. fxe5 Nxe5 15. Qd4 f6 16. Bf4 c5 17. Qd1 h5 18. Bxe5 fxe5 19. Rf1 h4 20. Qf3 hxg3 21. Qf7+ Kd7 22. hxg3 Kc7 23. d6+ Kb6 24. Nd5+ Ka5 25. Rh1 Rxh1 26. Rxh1 e6 27. Nc7 Bxd6 28. Nxa8 Qxa8 29. Qd7 a6 30. Qxd6 b5 31. Qxe5 1-0

[Event "Cracovia Chess Festival A 2021"]
[Site "Cracow"]
[Date "2022.01.03"]
[Round "8.29"]
[White "Lisowski, Krzysztof"]
[Black "Czernek, Tymon"]
[Result "0-1"]
[ECO "B20"]
[WhiteElo "2142"]
[BlackElo "2224"]
[Annotator "ChessBase"]
[PlyCount "104"]
[EventDate "2021.12.27"]
[EventCountry "POL"]
[SourceTitle "playchess.com"]
[Source "ChessBase"]
[SourceQuality "1"]
[TimeControl "40/5400+30:1800+30"]

1. e4 c5 2. d3 Nc6 3. Be2 g6 4. f4 Bg7 5. Nf3 e6 6. c3 Nge7 7. O-O O-O 8. Be3 b6 9. Na3 f5 10. e5 Nd5 11. Qd2 d6 12. d4 cxd4 13. cxd4 dxe5 14. dxe5 Re8 15. Bf2 Bh6 16. g3 Bb7 17. Rfd1 Qe7 18. Nb5 Red8 19. Nbd4 Nxd4 20. Bxd4 Rac8 21. a3 Rc7 22. h4 Rcd7 23. Ng5 Bxg5 24. hxg5 Nc7 25. Qe3 h6 26. gxh6 Qh7 27. Bc3 Qxh6 28. Rxd7 Qh1+ 29. Kf2 Qh2+ 30. Ke1 Rxd7 31. Qf2 Qh1+ 32. Qf1 Qe4 33. Rd1 Rxd1+ 34. Kxd1 Nd5 35. Qf2 Nxc3+ 36. bxc3 Qb1+ 37. Kd2 Qb2+ 38. Kd1 Qxc3 39. Qe1 Qxa3 40. Qd2 Bd5 41. Bd3 Qa1+ 42. Ke2 a5 43. Qc2 Qa2 44. Qxa2 Bxa2 45. Bb5 Kf7 46. Kd2 g5 47. Kc3 gxf4 48. gxf4 Bd5 49. Kd4 Ke7 50. Kc3 Kd8 51. Kd4 Kc7 52. Kc3 Bc6 0-1

[Event "Cracovia Chess Festival A 2021"]
[Site "Cracow"]
[Date "2022.01.03"]
[Round "8.30"]
[White "Kolasinski, Krzysztof"]
[Black "Maj, Pawel"]
[Result "0-1"]
[ECO "D85"]
[WhiteElo "2114"]
[BlackElo "2145"]
[Annotator "ChessBase"]
[PlyCount "140"]
[EventDate "2021.12.27"]
[EventCountry "POL"]
[SourceTitle "playchess.com"]
[Source "ChessBase"]
[SourceQuality "1"]
[TimeControl "40/5400+30:1800+30"]

1. d4 Nf6 2. c4 g6 3. Nc3 d5 4. cxd5 Nxd5 5. Na4 Bg7 6. e4 Nb6 7. Be3 O-O 8. Nf3 N8d7 9. Be2 Nxa4 10. Qxa4 c5 11. O-O cxd4 12. Bxd4 Nb6 13. Qb4 Bxd4 14. Nxd4 a5 15. Qc3 Na4 16. Qe3 Qb6 17. b3 e5 18. bxa4 exd4 19. Qd2 Rd8 20. Rab1 Qc6 21. Rfc1 Qxe4 22. Bf3 Qe5 23. Rb5 Qf6 24. Rxa5 Rxa5 25. Qxa5 d3 26. Qd2 b6 27. h3 Qd4 28. Rb1 Be6 29. Bd1 Rc8 30. Rb2 h5 31. Kf1 Bc4 32. Kg1 Re8 33. Bf3 Re6 34. Rb1 Bd5 35. Bxd5 Qxd5 36. Rb3 Rd6 37. Rc3 Qe4 38. Rb3 Kh7 39. Rb4 Qc6 40. Qf4 Qd5 41. Rb5 Qe6 42. Re5 Qd7 43. Re1 Rd4 44. Qf6 d2 45. Rd1 Rd6 46. Qf4 Kg8 47. Kf1 Rd4 48. Qb8+ Kg7 49. Qxb6 Qxa4 50. Qb3 Qa6+ 51. Kg1 Qe2 52. Qf3 Qe1+ 53. Kh2 Kg8 54. Qa8+ Kh7 55. Qf3 Rd7 56. a4 Re7 57. a5 Qe5+ 58. Qg3 Qxa5 59. Qd3 Qc7+ 60. g3 Rd7 61. Qe3 Qa5 62. Qe8 Qd5 63. Qe3 Rd6 64. h4 Qa2 65. Qf4 Rd7 66. Kg2 Qc2 67. Qf3 Re7 68. Kf1 f5 69. Kg2 Re1 70. Qa8 Qxd1 0-1

[Event "Cracovia Chess Festival A 2021"]
[Site "Cracow"]
[Date "2022.01.03"]
[Round "8.31"]
[White "Kotyk, Michael"]
[Black "Malek, Daniel"]
[Result "0-1"]
[ECO "E46"]
[WhiteElo "2140"]
[BlackElo "2376"]
[Annotator "ChessBase"]
[PlyCount "52"]
[EventDate "2021.12.27"]
[EventCountry "POL"]
[SourceTitle "playchess.com"]
[Source "ChessBase"]
[SourceQuality "1"]
[TimeControl "40/5400+30:1800+30"]

1. d4 Nf6 2. c4 e6 3. Nc3 Bb4 4. e3 O-O 5. Bd2 d5 6. Nf3 b6 7. Rc1 Ba6 8. Qa4 Be7 9. b4 c5 10. Nb5 Ne4 11. bxc5 bxc5 12. Ba5 Qe8 13. Qc2 Bxb5 14. cxb5 Nd7 15. Bd3 f5 16. dxc5 Ndxc5 17. Nd4 Bd6 18. f3 Nxd3+ 19. Qxd3 Nc5 20. Qd2 f4 21. Nc6 a6 22. Qd4 axb5 23. Rxc5 Rc8 24. Rc1 Rxc6 25. Bc3 Qe7 26. O-O Bc5 0-1

[Event "Cracovia Chess Festival A 2021"]
[Site "Cracow"]
[Date "2022.01.03"]
[Round "8.32"]
[White "Kopylov, Daniel"]
[Black "Flak, Pawel"]
[Result "1-0"]
[ECO "B03"]
[WhiteElo "2317"]
[BlackElo "2206"]
[Annotator "ChessBase"]
[PlyCount "87"]
[EventDate "2021.12.27"]
[EventCountry "POL"]
[SourceTitle "playchess.com"]
[Source "ChessBase"]
[SourceQuality "1"]
[TimeControl "40/5400+30:1800+30"]

1. e4 Nf6 2. e5 Nd5 3. d4 d6 4. c4 Nb6 5. exd6 cxd6 6. Nc3 Nc6 7. Be3 Bf5 8. d5 Ne5 9. Be2 Rc8 10. b3 Ned7 11. Nf3 Nf6 12. Nd4 Bd7 13. g4 h5 14. g5 Ng4 15. g6 e5 16. dxe6 fxe6 17. Bxg4 hxg4 18. Qxg4 e5 19. Qf3 Qe7 20. Ndb5 Rh3 21. Qxb7 Qh4 22. O-O-O Nxc4 23. bxc4 Qxc4 24. Kb2 a6 25. Rc1 d5 26. Ka1 Qc6 27. Qxc6 Rxc6 28. Na7 Rxc3 29. Rxc3 d4 30. Bxd4 exd4 31. Re1+ Kd8 32. Rxh3 Bxh3 33. Nc6+ Kd7 34. Nxd4 Bb4 35. Re3 Bg4 36. Kb2 Bh5 37. Rg3 Be7 38. Kc3 Bf6 39. Kd3 Kd6 40. Ke4 Kc5 41. f3 Bxd4 42. Rg5+ Kc4 43. Rxh5 Ba1 44. Ra5 1-0

[Event "Cracovia Chess Festival A 2021"]
[Site "Cracow"]
[Date "2022.01.03"]
[Round "8.33"]
[White "Majek, Kacper"]
[Black "Chyzy, Jakub"]
[Result "0-1"]
[ECO "C55"]
[WhiteElo "2100"]
[BlackElo "2260"]
[Annotator "ChessBase"]
[PlyCount "56"]
[EventDate "2021.12.27"]
[EventCountry "POL"]
[SourceTitle "playchess.com"]
[Source "ChessBase"]
[SourceQuality "1"]
[TimeControl "40/5400+30:1800+30"]

1. e4 e5 2. Nf3 Nc6 3. Bc4 Nf6 4. d3 h6 5. O-O d6 6. c3 g5 7. Re1 Bg7 8. d4 g4 9. dxe5 gxf3 10. exf6 Bxf6 11. Qxf3 Ne5 12. Qe2 Rg8 13. Nd2 Bg5 14. Kh1 Qf6 15. f3 Bh4 16. g3 Rxg3 17. hxg3 Bxg3 18. Kg2 Ng6 19. Nf1 Bxe1 20. Kg1 Nh4 21. Nh2 Bg3 22. Be3 Bh3 23. Bd4 Qf4 24. Rf1 Bxh2+ 25. Qxh2 Qxh2+ 26. Kxh2 Bxf1 27. Bxf1 Nxf3+ 28. Kg3 Nxd4 0-1

[Event "Cracovia Chess Festival A 2021"]
[Site "Cracow"]
[Date "2022.01.03"]
[Round "8.34"]
[White "Svendsen, Bertil"]
[Black "Sernecki, Franciszek"]
[Result "1-0"]
[ECO "E04"]
[WhiteElo "2251"]
[BlackElo "2220"]
[Annotator "ChessBase"]
[PlyCount "49"]
[EventDate "2021.12.27"]
[EventCountry "POL"]
[SourceTitle "playchess.com"]
[Source "ChessBase"]
[SourceQuality "1"]
[TimeControl "40/5400+30:1800+30"]

1. d4 Nf6 2. Nf3 e6 3. g3 d5 4. c4 dxc4 5. Bg2 c5 6. Qa4+ Nc6 7. O-O Bd7 8. Qxc4 cxd4 9. Nxd4 Rc8 10. Nc3 Nxd4 11. Qxd4 Bc5 12. Qh4 h6 13. Bxb7 Rb8 14. Bg2 Rb4 15. e4 Bc6 16. a3 Rc4 17. Qf4 O-O 18. Qf3 Nxe4 19. Qe2 Nxf2 20. Qxc4 Qb6 21. b4 Nh3+ 22. Kh1 Bxb4 23. Bxc6 Rc8 24. axb4 Rxc6 25. Qb5 1-0

[Event "Cracovia Chess Festival A 2021"]
[Site "Cracow"]
[Date "2022.01.03"]
[Round "8.35"]
[White "Braeuning, Rudolf Wilhelm"]
[Black "Romero Calduch, Sergio"]
[Result "1-0"]
[ECO "B13"]
[WhiteElo "2242"]
[BlackElo "2199"]
[Annotator "ChessBase"]
[PlyCount "31"]
[EventDate "2021.12.27"]
[EventCountry "POL"]
[SourceTitle "playchess.com"]
[Source "ChessBase"]
[SourceQuality "1"]
[TimeControl "40/5400+30:1800+30"]

1. e4 c6 2. d4 d5 3. exd5 cxd5 4. c4 Nf6 5. Nc3 Nc6 6. Bg5 Be6 7. Nge2 h6 8. Bxf6 exf6 9. Nf4 Bb4 10. Be2 Qd6 11. Qd2 dxc4 12. d5 O-O-O 13. Rd1 Bf5 14. dxc6 Qxc6 15. Nfd5 Bxc3 16. bxc3 1-0

[Event "Cracovia Chess Festival A 2021"]
[Site "Cracow"]
[Date "2022.01.03"]
[Round "8.36"]
[White "Gombocz, Ferenc Jr."]
[Black "Musial, Tomasz"]
[Result "0-1"]
[ECO "A25"]
[WhiteElo "2236"]
[BlackElo "2111"]
[Annotator "ChessBase"]
[PlyCount "136"]
[EventDate "2021.12.27"]
[EventCountry "POL"]
[SourceTitle "playchess.com"]
[Source "ChessBase"]
[SourceQuality "1"]
[TimeControl "40/5400+30:1800+30"]

1. c4 e5 2. Nc3 Nc6 3. g3 g6 4. Bg2 Bg7 5. e4 d6 6. Nge2 f5 7. d3 Nf6 8. O-O O-O 9. Nd5 Be6 10. Bg5 Qd7 11. Qd2 Rf7 12. exf5 Bxf5 13. Nxf6+ Bxf6 14. Bxf6 Rxf6 15. f4 Raf8 16. d4 exd4 17. Nxd4 Nxd4 18. Qxd4 b6 19. Rfe1 c6 20. b4 Qc7 21. b5 cxb5 22. Bd5+ Kh8 23. cxb5 Qc5 24. Qxc5 dxc5 25. Re7 Rd6 26. Bc4 Rd7 27. Rxd7 Bxd7 28. Rd1 Bg4 29. Rd2 Re8 30. Kf2 Kg7 31. Bf1 Re7 32. Bg2 Rd7 33. Rxd7+ Bxd7 34. Bf1 Kf6 35. Ke3 Ke7 36. Kd2 Kd6 37. Kc3 Bg4 38. a3 Bf3 39. Bc4 Bd5 40. Bf1 Ke6 41. Bh3+ Kf6 42. Bf1 Bf3 43. Bd3 Ke6 44. Kc4 Bd5+ 45. Kc3 Bb7 46. Bf1 Bf3 47. Bd3 Kd5 48. h4 Bg4 49. a4 Bd1 50. Bc4+ Ke4 51. Bg8 h5 52. Bf7 Kf5 53. a5 bxa5 54. Be8 a4 55. Bd7+ Kf6 56. Kb2 c4 57. Bc6 Kf5 58. Bd7+ Ke4 59. Be8 a3+ 60. Kxa3 c3 61. Bxg6+ Ke3 62. Kb4 c2 63. Bxc2 Bxc2 64. Kc5 Kf3 65. b6 axb6+ 66. Kxb6 Kxg3 67. Kc5 Kxh4 68. Kd4 Kg3 0-1

[Event "Cracovia Chess Festival A 2021"]
[Site "Cracow"]
[Date "2022.01.03"]
[Round "8.37"]
[White "Konyves, Almos"]
[Black "Dwilewicz, Katarzyna"]
[Result "1-0"]
[ECO "E46"]
[WhiteElo "2250"]
[BlackElo "2100"]
[Annotator "ChessBase"]
[PlyCount "117"]
[EventDate "2021.12.27"]
[EventCountry "POL"]
[SourceTitle "playchess.com"]
[Source "ChessBase"]
[SourceQuality "1"]
[TimeControl "40/5400+30:1800+30"]

1. d4 Nf6 2. c4 e6 3. Nc3 Bb4 4. e3 O-O 5. Nge2 Re8 6. a3 Bf8 7. Ng3 d5 8. cxd5 exd5 9. Bd3 c5 10. O-O Nc6 11. dxc5 Bxc5 12. b4 Bd6 13. Nce2 a5 14. b5 Ne5 15. Bb2 Bd7 16. Bd4 Rc8 17. a4 Nfg4 18. h3 Nxd3 19. Qxd3 Ne5 20. Qb3 Nc4 21. Rad1 Qh4 22. Kh2 Bg4 23. f4 Bb4 24. Qd3 Rc7 25. Kg1 Bc8 26. Rf3 Rce7 27. Nf1 Nd6 28. Bc3 Bf5 29. Qd4 Bxc3 30. Nxc3 Ne4 31. Nxe4 Bxe4 32. Rg3 Qh6 33. Rc1 Bg6 34. Qxd5 Qh4 35. Kh2 Qf6 36. Qd2 Qb6 37. Qc3 f6 38. Rf3 Re4 39. Rf2 Bf7 40. Ra1 Rc4 41. Qa3 Qc7 42. Rd2 g5 43. Rad1 gxf4 44. Rd7 Qe5 45. exf4 Qxf4+ 46. Qg3+ Qxg3+ 47. Nxg3 Bg6 48. Rxb7 Rxa4 49. Ra7 Rb4 50. Rxa5 f5 51. Rd5 f4 52. Nh5 Rf8 53. Ra3 Rb2 54. Rf3 Be4 55. Rg5+ Kh8 56. Rxf4 Rxf4 57. Nxf4 h6 58. Re5 Bc2 59. Re2 1-0

[Event "Cracovia Chess Festival A 2021"]
[Site "Cracow"]
[Date "2022.01.03"]
[Round "8.39"]
[White "Dzwierzynski, Bartosz"]
[Black "Golenia, Jan"]
[Result "1-0"]
[ECO "E20"]
[WhiteElo "2100"]
[BlackElo "2149"]
[Annotator "ChessBase"]
[PlyCount "77"]
[EventDate "2021.12.27"]
[EventCountry "POL"]
[SourceTitle "playchess.com"]
[Source "ChessBase"]
[SourceQuality "1"]
[TimeControl "40/5400+30:1800+30"]

1. d4 Nf6 2. c4 e6 3. Nc3 Bb4 4. f3 c5 5. d5 O-O 6. e4 Re8 7. Nge2 d6 8. Ng3 exd5 9. cxd5 Nbd7 10. Be2 Ne5 11. O-O c4 12. Be3 a6 13. a4 Bd7 14. Bd4 Rc8 15. Kh1 Bc5 16. Bxc5 Rxc5 17. Qd4 Qc7 18. f4 Ng6 19. e5 dxe5 20. fxe5 Rxe5 21. Rxf6 gxf6 22. Nge4 Ra5 23. Bxc4 b5 24. Bd3 f5 25. Nf6+ Kg7 26. d6 Qd8 27. Nh5+ Kh6 28. b4 Kxh5 29. bxa5 Qxa5 30. g4+ Kh6 31. gxf5 Bxf5 32. Bxf5 Rxf5 33. d7 Qd8 34. Re1 Nf8 35. Qe3+ Kg7 36. Rg1+ Kf6 37. Qd4+ Ke7 38. Qe4+ Kf6 39. Qh4+ 1-0

[Event "Cracovia Chess Festival A 2021"]
[Site "Cracow"]
[Date "2022.01.04"]
[Round "9.1"]
[White "Jarmula, Lukasz"]
[Black "Licznerski, Lukasz"]
[Result "1/2-1/2"]
[ECO "A48"]
[WhiteElo "2426"]
[BlackElo "2411"]
[Annotator "ChessBase"]
[PlyCount "71"]
[EventDate "2021.12.27"]
[EventCountry "POL"]
[SourceTitle "playchess.com"]
[Source "ChessBase"]
[SourceQuality "1"]
[TimeControl "40/5400+30:1800+30"]

1. d4 Nf6 2. Nf3 g6 3. c4 Bg7 4. e3 d6 5. Be2 O-O 6. Nc3 Nbd7 7. O-O e5 8. b4 exd4 9. exd4 c5 10. a3 Nb6 11. Be3 cxb4 12. axb4 Bg4 13. Qb3 Qc8 14. Nb5 Bxf3 15. gxf3 d5 16. c5 Nc4 17. Bxc4 dxc4 18. Qxc4 Qh3 19. Ra3 Qxf3 20. Bg5 Qd5 21. Qxd5 Nxd5 22. Rxa7 Rxa7 23. Nxa7 Nxb4 24. Rb1 Nc6 25. Rxb7 Nxa7 26. Rxa7 Bxd4 27. Rc7 Kg7 28. Be7 Ra8 29. Bd6 Ra2 30. Bg3 Rc2 31. c6 Kf6 32. Rd7 Be5 33. Bxe5+ Kxe5 34. Rxf7 Rxc6 35. Rxh7 Kf6 36. Kg2 1/2-1/2

[Event "Cracovia Chess Festival A 2021"]
[Site "Cracow"]
[Date "2022.01.04"]
[Round "9.2"]
[White "Sengupta, Deep"]
[Black "Zylka, Stanislaw"]
[Result "1-0"]
[ECO "C03"]
[WhiteElo "2520"]
[BlackElo "2406"]
[Annotator "ChessBase"]
[PlyCount "85"]
[EventDate "2021.12.27"]
[EventCountry "POL"]
[SourceTitle "playchess.com"]
[Source "ChessBase"]
[SourceQuality "1"]
[TimeControl "40/5400+30:1800+30"]

1. e4 e6 2. d4 d5 3. Nd2 Be7 4. Ngf3 Nf6 5. e5 Nfd7 6. Bd3 c5 7. c3 b6 8. Qe2 a5 9. a4 Ba6 10. Bb5 O-O 11. O-O Qc8 12. Rd1 Nc6 13. Nf1 cxd4 14. cxd4 Bxb5 15. axb5 Nb4 16. Ne3 Ra7 17. Bd2 Rc7 18. Bc3 f5 19. Rdc1 f4 20. Nf1 Rf7 21. Qd1 Nf8 22. Ne1 Qe8 23. Qe2 Ng6 24. Nd2 Bf8 25. Ndf3 Rc4 26. Bxb4 Rxb4 27. Rc6 Ne7 28. Rxb6 Nf5 29. Qd2 h6 30. Rxa5 g5 31. h3 Rc4 32. Raa6 Bb4 33. Qd1 Rfc7 34. Nd3 Bf8 35. Rxe6 Qxb5 36. Rf6 Nxd4 37. Ra8 Rc1 38. Nxc1 Rxc1 39. Raxf8+ Kg7 40. R8f7+ Kg8 41. Qxc1 Ne2+ 42. Kh2 Nxc1 43. e6 1-0

[Event "Cracovia Chess Festival A 2021"]
[Site "Cracow"]
[Date "2022.01.04"]
[Round "9.5"]
[White "Kozak, Antoni"]
[Black "Golubka, Petro"]
[Result "1-0"]
[ECO "B06"]
[WhiteElo "2356"]
[BlackElo "2408"]
[Annotator "ChessBase"]
[PlyCount "137"]
[EventDate "2021.12.27"]
[EventCountry "POL"]
[SourceTitle "playchess.com"]
[Source "ChessBase"]
[SourceQuality "1"]
[TimeControl "40/5400+30:1800+30"]

1. Nf3 g6 2. d4 Bg7 3. e4 d6 4. Nc3 a6 5. h3 b5 6. Bd3 Bb7 7. O-O Nd7 8. Ne2 Ngf6 9. Ng3 c5 10. c3 O-O 11. Be3 e5 12. d5 c4 13. Bc2 Qc7 14. Qd2 Kh8 15. Nh2 h5 16. f4 exf4 17. Rxf4 Ne5 18. Rf2 Nh7 19. Nf3 Nxf3+ 20. Rxf3 Qe7 21. Ne2 Bc8 22. Nd4 Bd7 23. Rff1 Kg8 24. Bf4 Be5 25. Nf3 Bxf4 26. Qxf4 Rad8 27. a4 bxa4 28. Bxa4 Nf6 29. Nd2 Bxa4 30. Rxa4 Nd7 31. Rxc4 Ne5 32. Ra4 Rb8 33. b3 Qc7 34. Qe3 Rb6 35. c4 Qb7 36. Ra3 Nd7 37. Nf3 Nc5 38. e5 Qe7 39. Re1 dxe5 40. Qxe5 Qxe5 41. Rxe5 Nxb3 42. d6 Rd8 43. c5 Nxc5 44. Rxc5 Rdxd6 45. Ra2 Rbc6 46. Rxc6 Rxc6 47. Ne5 Rc1+ 48. Kh2 Re1 49. Nd3 Re3 50. Nc5 Kg7 51. Rxa6 Re5 52. Rc6 h4 53. Rc7 g5 54. Nd3 Rf5 55. Rc5 Kg6 56. Rxf5 Kxf5 57. Kg1 Ke4 58. Ne1 Ke3 59. Nf3 f6 60. Kf1 Ke4 61. Kf2 Kf4 62. Nh2 Ke4 63. Ke2 Kf4 64. Kf2 Ke4 65. Ng4 f5 66. Nh2 Kf4 67. Nf3 g4 68. Nxh4 Kg5 69. hxg4 1-0

[Event "Cracovia Chess Festival A 2021"]
[Site "Cracow"]
[Date "2022.01.04"]
[Round "9.7"]
[White "Niedbala, Bartlomiej"]
[Black "Pniaczek, Marek"]
[Result "1-0"]
[ECO "A50"]
[WhiteElo "2385"]
[BlackElo "2329"]
[Annotator "ChessBase"]
[PlyCount "55"]
[EventDate "2021.12.27"]
[EventCountry "POL"]
[SourceTitle "playchess.com"]
[Source "ChessBase"]
[SourceQuality "1"]
[TimeControl "40/5400+30:1800+30"]

1. d4 Nf6 2. c4 b6 3. Nc3 Bb7 4. Qc2 e6 5. e4 Bb4 6. Bd3 Nc6 7. Nf3 d5 8. cxd5 exd5 9. e5 Ne4 10. O-O Bxc3 11. bxc3 Ne7 12. Ng5 Nxg5 13. Bxg5 h6 14. Bh4 Qd7 15. f4 O-O-O 16. f5 Kb8 17. a4 a5 18. Bb5 c6 19. Bd3 Ka7 20. Rae1 Rde8 21. e6 fxe6 22. fxe6 Qd8 23. Bg6 Ref8 24. Rf7 Re8 25. Rxg7 Rhg8 26. Rxg8 Rxg8 27. Bh5 Ba6 28. Qh7 1-0

[Event "Cracovia Chess Festival A 2021"]
[Site "Cracow"]
[Date "2022.01.04"]
[Round "9.8"]
[White "Lewtak, Damian"]
[Black "Tsaknakis, Zisis"]
[Result "1-0"]
[ECO "D00"]
[WhiteElo "2383"]
[BlackElo "2202"]
[Annotator "ChessBase"]
[PlyCount "121"]
[EventDate "2021.12.27"]
[EventCountry "POL"]
[SourceTitle "playchess.com"]
[Source "ChessBase"]
[SourceQuality "1"]
[TimeControl "40/5400+30:1800+30"]

1. d4 d5 2. c3 Nf6 3. Bf4 c5 4. e3 Nc6 5. Nd2 Qb6 6. Qb3 c4 7. Qc2 Nh5 8. Bg5 h6 9. Bh4 g5 10. Be2 gxh4 11. Bxh5 e5 12. dxe5 Nxe5 13. Be2 Rg8 14. Ngf3 Nxf3+ 15. Bxf3 Be6 16. b3 cxb3 17. Nxb3 Rc8 18. O-O Rg5 19. Nd4 Bd7 20. Rab1 Qc7 21. Qb3 b6 22. Bxd5 Qxc3 23. Bxf7+ Ke7 24. Nf3 Rg7 25. Qxc3 Rc7 26. Qc4 Rxc4 27. Be6 Rc3 28. Bd5 h3 29. g3 Kd6 30. Rfd1 Bg4 31. Be4+ Ke6 32. Nd4+ Ke5 33. Bf3 Bxf3 34. Nxf3+ Kf6 35. Rd2 Rgc7 36. Nd4 Bb4 37. Kf1 Rc1+ 38. Rd1 Rxd1+ 39. Rxd1 Rc3 40. Nb5 Rc2 41. a3 Bc5 42. Nxa7 Bxa3 43. Nb5 Bc5 44. Rd5 Kg6 45. Nd4 Rd2 46. Rd8 h5 47. Rg8+ Kh7 48. Rg5 Bxd4 49. exd4 Kh6 50. Rb5 Rxd4 51. Rxb6+ Kg5 52. f4+ Kg4 53. Ke2 h4 54. Rg6+ Kh5 55. Rg5+ Kh6 56. Rg4 hxg3 57. hxg3 Ra4 58. Rh4+ Kg7 59. Kf3 Ra3+ 60. Kg4 Kg6 61. Rxh3 1-0

[Event "Cracovia Chess Festival A 2021"]
[Site "Cracow"]
[Date "2022.01.04"]
[Round "9.9"]
[White "Turski, Bartlomiej"]
[Black "Cukrowski, Filip"]
[Result "0-1"]
[ECO "C10"]
[WhiteElo "2114"]
[BlackElo "2367"]
[Annotator "ChessBase"]
[PlyCount "86"]
[EventDate "2021.12.27"]
[EventCountry "POL"]
[SourceTitle "playchess.com"]
[Source "ChessBase"]
[SourceQuality "1"]
[TimeControl "40/5400+30:1800+30"]

1. e4 e6 2. d4 d5 3. Nd2 dxe4 4. Nxe4 Nd7 5. Nf3 Ngf6 6. Bd3 Nxe4 7. Bxe4 Nf6 8. Bg5 Be7 9. Bd3 O-O 10. Qe2 h6 11. h4 Re8 12. Bxf6 Bxf6 13. O-O-O Bd7 14. Kb1 Bc6 15. Ne5 Kf8 16. Nxc6 bxc6 17. Be4 Qd6 18. Qf3 Rab8 19. Bxc6 Red8 20. Rd3 Rb6 21. Ba4 a5 22. Bb3 Rdb8 23. a4 Rb4 24. Rhd1 Bxd4 25. R1d2 c5 26. c3 Rxb3 27. cxd4 c4 28. Rxb3 cxb3 29. Qc3 Qh2 30. Rd1 Qxg2 31. Qc7 Qe4+ 32. Ka1 Qa8 33. Qd6+ Kg8 34. Rg1 Rb4 35. Qe5 Rxa4+ 36. Kb1 Qf8 37. Rc1 Qd8 38. Rd1 Qd5 39. Qf4 Qc4 40. Qe4 Qd5 41. Qf4 Kh7 42. f3 Qc4 43. Qe4+ f5 0-1

[Event "Cracovia Chess Festival A 2021"]
[Site "Cracow"]
[Date "2022.01.04"]
[Round "9.12"]
[White "Seemann, Jakub"]
[Black "Vardanyan, Aras"]
[Result "0-1"]
[ECO "A43"]
[WhiteElo "2312"]
[BlackElo "2222"]
[Annotator "ChessBase"]
[PlyCount "118"]
[EventDate "2021.12.27"]
[EventCountry "POL"]
[SourceTitle "playchess.com"]
[Source "ChessBase"]
[SourceQuality "1"]
[TimeControl "40/5400+30:1800+30"]

1. d4 Nf6 2. Nf3 c5 3. d5 g6 4. Nc3 Bg7 5. e4 d6 6. a4 O-O 7. Bc4 Bg4 8. h3 Bxf3 9. Qxf3 Nbd7 10. Qd1 b6 11. O-O a6 12. Qe2 Qc8 13. f4 Ne8 14. Bd2 Nc7 15. Ra3 Qb7 16. Rb3 Rfb8 17. Rb1 Qc8 18. Kh2 Qe8 19. Be1 Kh8 20. Bg3 Nf6 21. Be1 e6 22. Qd3 exd5 23. exd5 Qd7 24. Bd2 Ra7 25. Re1 h5 26. g3 Ng8 27. Qe2 Nh6 28. Qe7 Qxe7 29. Rxe7 Nf5 30. Rxf7 Nd4 31. Kg2 Nxb3 32. cxb3 b5 33. axb5 Nxb5 34. Nxb5 axb5 35. Rxa7 bxc4 36. Bc1 Rxb3 37. Ra4 Bxb2 38. Rxc4 Bxc1 39. Rxc1 Rd3 40. g4 hxg4 41. hxg4 Kg7 42. Ra1 Kf6 43. Ra6 Rxd5 44. Kf3 Rd4 45. Ra8 g5 46. fxg5+ Kxg5 47. Rg8+ Kf6 48. g5+ Kf7 49. Rd8 Ke6 50. Ke3 Kf5 51. Rg8 Rg4 52. Rd8 Rg3+ 53. Kf2 Rd3 54. Rg8 c4 55. g6 d5 56. Ke2 Kf6 57. Rf8+ Kxg6 58. Rf4 Kg5 59. Rf8 d4 0-1